 Dungeon Crawl Stone Soup version 0.24.1-11-gbbbb2193e6 (webtiles) character file.

Game seed: 5912662702097153672, levelgen mode: deterministic

113 Mrkan the Shield-Bearer (level 4, -3/41 HPs)
             Began as a Gnoll Fighter on May 14, 2020.
             Was an Initiate of Trog.
             Killed from afar by Natasha (5 damage)
             ... with a magic dart
             ... on level 2 of the Dungeon.
             The game lasted 00:01:36 (783 turns).

Mrkan the Shield-Bearer (Gnoll Fighter)              Turns: 783, Time: 00:01:36

Health: -3/41      AC:  7    Str: 20    XL:     4   Next: 96%
Magic:  5/5        EV:  8    Int: 10    God:    Trog [......]
Gold:   57         SH: 11    Dex: 14    Spells: 5/5 levels left

rFire    . . .     SeeInvis .   a - +0 flail
rCold    . . .     Gourm    .   c - +0 shield
rNeg     . . .     Faith    .   b - +0 scale mail
rPois    .         Spirit   .   (no helmet)
rElec    .         Reflect  .   (no cloak)
rCorr    .         Harm     .   (no gloves)
MR       .....                  (no boots)
Stlth    ..........             (no amulet)
HPRegen  0.13/turn              (no ring)
MPRegen  0.09/turn              (no ring)

@: slowed, very slow
A: distributed training, fangs 1, strong nose
a: Renounce Religion


You were on level 2 of the Dungeon.
You worshipped Trog.
Trog was noncommittal.
You were not hungry.

You visited 1 branch of the dungeon, and saw 2 of its levels.

You collected 57 gold pieces.

Inventory:

Hand Weapons
 a - a +0 flail (weapon)
 e - a +0 hunting sling
Armour
 b - a +0 scale mail (worn)
 c - a +0 shield (worn)
Jewellery
 m - an uncursed ring of see invisible {unknown}
Scrolls
 i - a scroll of remove curse {unknown}
 k - a scroll of fear {unknown}
Potions
 d - a potion of might
 h - a potion of curing {unknown}
 j - 2 potions of resistance {unknown}
 l - a potion of berserk rage {unknown}
Comestibles
 f - 3 rations


   Skills:
 + Level 6.6 Fighting
 + Level 1.2 Short Blades
 + Level 1.2 Long Blades
 + Level 1.2 Axes
 + Level 4.7 Maces & Flails
 + Level 1.2 Polearms
 + Level 1.2 Staves
 + Level 1.2 Slings
 + Level 1.2 Bows
 + Level 1.2 Crossbows
 + Level 1.2 Throwing
 + Level 6.6 Armour
 + Level 1.2 Dodging
 + Level 1.2 Stealth
 + Level 6.6 Shields
 + Level 1.2 Unarmed Combat
 + Level 1.2 Spellcasting
 + Level 1.0 Conjurations
 + Level 1.0 Hexes
 + Level 1.0 Charms
 + Level 1.0 Summonings
 + Level 1.0 Necromancy
 + Level 1.0 Translocations
 + Level 1.0 Transmutations
 + Level 1.0 Fire Magic
 + Level 1.0 Ice Magic
 + Level 1.0 Air Magic
 + Level 1.0 Earth Magic
 + Level 1.0 Poison Magic
 + Level 1.4 Invocations
 + Level 1.2 Evocations


You had 5 spell levels left.
You didn't know any spells.
Your spell library was empty.

Dungeon Overview and Level Annotations

Branches:
Dungeon (1/15)

Altars:
Hepliaklqana
Sif Muna
Trog
Yredelemnul

Annotations:
D:2 Natasha


Innate Abilities, Weirdness & Mutations

Your experience applies equally to all skills.
You have very sharp teeth.
Your uncanny sense of smell can sniff out nearby items.


Message History

You block Natasha's attack. The shadow imp gestures at you.
Pain shoots through your body! Natasha casts a spell at you.
The magic dart hits you. The shadow imp hits you.
You hit Natasha.
Natasha is severely wounded.
Natasha extends her claws.
Natasha claws you. You block the shadow imp's attack.
Natasha stares at you and mumbles some strange words.
The magic dart hits you!
The shadow imp grinds its teeth.
The shadow imp gestures at you. Pain shoots through your body!
* * * LOW HITPOINT WARNING * * *
You barely miss Natasha.
Natasha is severely wounded.
Natasha casts a spell at you. The magic dart hits you.
You die...

##.......# #.......#
#.####'### #.........
#..###.### #....#.####
########## #..........
#........#####..5.#.####
#........##.....@.# ..
#........##<...#h## ##
#.........#....... ∆
#.........#....#..#
#.[..._...#....##.#
#†..._8_.##.... .#
#....._)..#.... .#
#.............. ..
......##...#.##


You could see Natasha and a shadow imp.

Vanquished Creatures
  Terence (D:2)
  Natasha (D:2)
  A gnoll (D:1)
  2 adders (D:2)
  A dart slug (D:2)
  3 leopard geckos
  6 bats
  2 giant cockroaches (D:1)
  5 goblins
  2 hobgoblins
  3 jackals (D:1)
  2 frilled lizards (D:1)
  4 rats
33 creatures vanquished.

Notes
Turn   | Place    | Note
-------+----------+-------------------------------------------
     0 | D:1      | Mrkan the Gnoll Fighter began the quest for the Orb.
     0 | D:1      | Reached XP level 1. HP: 23/23 MP: 1/1
    21 | D:1      | Reached XP level 2. HP: 25/29 MP: 2/2
   164 | D:1      | Reached XP level 3. HP: 33/35 MP: 3/3
   392 | D:1      | You fall into a shaft and drop 1 floor!
   392 | D:2      | Found a shimmering blue altar of Sif Muna.
   392 | D:2      | Found a basalt altar of Yredelemnul.
   392 | D:2      | Found a bloodstained altar of Trog.
   392 | D:2      | Found a hazy altar of Hepliaklqana.
   405 | D:2      | Became a worshipper of Trog the Wrathful
   426 | D:2      | Noticed Terence
   437 | D:2      | Killed Terence
   437 | D:2      | Reached skill level 1 in Short Blades
   437 | D:2      | Reached skill level 1 in Long Blades
   437 | D:2      | Reached skill level 1 in Axes
   437 | D:2      | Reached skill level 1 in Polearms
   437 | D:2      | Reached skill level 1 in Staves
   437 | D:2      | Reached skill level 1 in Slings
   437 | D:2      | Reached skill level 1 in Bows
   437 | D:2      | Reached skill level 1 in Crossbows
   437 | D:2      | Reached skill level 1 in Throwing
   437 | D:2      | Reached skill level 1 in Dodging
   437 | D:2      | Reached skill level 1 in Stealth
   437 | D:2      | Reached skill level 1 in Unarmed Combat
   437 | D:2      | Reached skill level 1 in Spellcasting
   437 | D:2      | Reached skill level 1 in Invocations
   437 | D:2      | Reached skill level 1 in Evocations
   463 | D:2      | Reached XP level 4. HP: 30/41 MP: 5/5
   503 | D:2      | Noticed Natasha
   513 | D:2      | Killed Natasha
   523 | D:2      | Reached skill level 1 in Conjurations
   523 | D:2      | Reached skill level 1 in Hexes
   523 | D:2      | Reached skill level 1 in Charms
   523 | D:2      | Reached skill level 1 in Summonings
   523 | D:2      | Reached skill level 1 in Necromancy
   523 | D:2      | Reached skill level 1 in Translocations
   523 | D:2      | Reached skill level 1 in Transmutations
   523 | D:2      | Reached skill level 1 in Fire Magic
   523 | D:2      | Reached skill level 1 in Ice Magic
   523 | D:2      | Reached skill level 1 in Air Magic
   523 | D:2      | Reached skill level 1 in Earth Magic
   523 | D:2      | Reached skill level 1 in Poison Magic
   773 | D:2      | Noticed Natasha
   782 | D:2      | HP: 2/41 [shadow imp/nerve-wracking pain[Natasha] (11)]
   783 | D:2      | Killed from afar by Natasha

Levels and vault maps discovered:
D:1:      dpeg_arrival_erosion, layout_rooms, nrook_campfire,
          lemuel_flame_loot_1
D:2:      layout_basic, chequers_temple_overflow_statue_of_worship,
          first_ration, uniq_robin, uniq_natasha, uniq_terence

Skill      XL: |  1  2  3  4 |
---------------+-------------+-----
Short Blades   | 1 |  1.2
Long Blades    | 1 |  1.2
Axes           | 1 |  1.2
Polearms       | 1 |  1.2
Staves         | 1 |  1.2
Slings         | 1 |  1.2
Bows           | 1 |  1.2
Crossbows      | 1 |  1.2
Throwing       | 1 |  1.2
Dodging        | 1 |  1.2
Stealth        | 1 |  1.2
Unarmed Combat | 1 |  1.2
Spellcasting   | 1 |  1.2
Invocations    | 1 |  1.4
Evocations     | 1 |  1.2
Conjurations   | 1 |  1.0
Hexes          | 1 |  1.0
Charms         | 1 |  1.0
Summonings     | 1 |  1.0
Necromancy     | 1 |  1.0
Translocations | 1 |  1.0
Transmutations | 1 |  1.0
Fire Magic     | 1 |  1.0
Ice Magic      | 1 |  1.0
Air Magic      | 1 |  1.0
Earth Magic    | 1 |  1.0
Poison Magic   | 1 |  1.0
Fighting       | |  6.6
Maces & Flails | |  4.7
Armour         | |  6.6
Shields        | |  6.6

Action                   |  1- 3 |  4- 6 || total
-------------------------+-------+-------++-------
Melee: Flail             |    62 |    39 ||   101
       Bite              |     1 |     3 ||     4
Armor: Scale mail        |    22 |     5 ||    27
Dodge: Dodged            |    17 |    16 ||    33
Block: Shield            |    36 |    27 ||    63
